 Dungeon Crawl Stone Soup version 0.23.2-1-ga50397a6bc (webtiles) character file.

Game seed: 6202035713860193210

58 Peloso the Covered (level 3, 0/33 HPs)
             Began as a Minotaur Fighter on May 12, 2019.
             Slain by a gnoll
             ... wielding a +0 spear
              (4 damage)
             ... on level 2 of the Dungeon.
             The game lasted 00:02:21 (1316 turns).

Peloso the Covered (Minotaur Fighter)               Turns: 1316, Time: 00:02:22

Health: 0/33       AC:  8    Str: 20    XL:     3   Next: 76%
Magic:  2/2        EV:  7    Int:  5    God:
Gold:   55         SH:  9    Dex: 10    Spells: 2/2 levels left

rFire    . . .     SeeInvis .   a - +1 long sword
rCold    . . .     Gourm    .   c - +0 shield
rNeg     . . .     Faith    .   b - +0 scale mail
rPois    .         Spirit   .   (helmet restricted)
rElec    .         Reflect  .   h - +0 cloak
rCorr    .         Harm     .   (no gloves)
MR       .....     Rnd*Tele +   (no boots)
Stlth    ..........             (no amulet)
HPRegen  0.11/turn              e - ring of teleportation (curse)
MPRegen  0.08/turn              (no ring)

@: no status effects
A: retaliatory headbutt, horns 2
a: no special abilities


You were on level 2 of the Dungeon.
You were not hungry.

You visited 1 branch of the dungeon, and saw 2 of its levels.

You collected 55 gold pieces.

Inventory:

Hand Weapons
 a - a +1 long sword (weapon)
Armour
 b - a +0 scale mail (worn)
 c - a +0 shield (worn)
 h - a +0 cloak (worn)
Jewellery
 e - a cursed ring of teleportation (left hand)
Scrolls
 i - a scroll of enchant weapon
 k - 2 scrolls of teleportation
Potions
 d - a potion of might
 g - a potion of haste {unknown}
 n - 2 potions of curing
Comestibles
 f - 6 rations
 j - 3 chunks of flesh


   Skills:
 + Level 4.0 Fighting
 + Level 3.2 Long Blades
 + Level 4.5 Armour
 + Level 4.2 Shields


You had 2 spell levels left.
You didn't know any spells.
Your spell library was empty.

Dungeon Overview and Level Annotations

Branches:
Dungeon (2/15)

Altars:
Sif Muna
The Shining One


Innate Abilities, Weirdness & Mutations

You reflexively headbutt those who attack you in melee.
You have a pair of horns on your head.


Message History

The gnoll hits you from afar with a +0 spear.
The frilled lizard bites you but does no damage.
You closely miss the frilled lizard.
The frilled lizard hisses.
You block the gnoll's attack. The frilled lizard barely misses you.
You barely miss the frilled lizard.
Your headbutt misses the frilled lizard.
You block the gnoll's attack. The frilled lizard bites you.
The frilled lizard unfolds its giant frill.
The gnoll hits you but does no damage.
You slash the frilled lizard!
You kill the frilled lizard!
The gnoll hits you from afar with a +0 spear!
* * * LOW HITPOINT WARNING * * *
Your shield and scale mail prevent you from hitting the frilled lizard.
Your headbutt misses the frilled lizard.
The frilled lizard bites you.
* * * LOW HITPOINT WARNING * * *
The gnoll hits you from afar with a +0 spear.
You die...

...##.....†.# # ##.# .#
#####...# . ...
#######...###.. .....
#.............. .#..#(#
.....................#.#
.#............... #.##.#
#.######...###.. #
##.#.## ## #@###.#
##l#.##


#ggw# ####...## #.......# ...###.#.# ## #..... .......# ........# You could see
a worm, 2 gnolls and a frilled lizard.

Vanquished Creatures
  A gnoll (D:2)
  An ooze (D:2)
  2 dart slugs (D:1)
  A leopard gecko (D:1)
  A ball python (D:2)
  A bat (D:1)
  3 giant cockroaches
  5 goblins
  7 hobgoblins
  3 jackals (D:1)
  2 kobolds (D:1)
  2 frilled lizards
  6 rats
35 creatures vanquished.

Notes
Turn   | Place    | Note
-------+----------+-------------------------------------------
     0 | D:1      | Peloso the Minotaur Fighter began the quest for the Orb.
     0 | D:1      | Reached XP level 1. HP: 19/19 MP: 0/0
   292 | D:1      | Reached XP level 2. HP: 27/27 MP: 1/1
   694 | D:1      | Reached XP level 3. HP: 33/33 MP: 2/2
  1261 | D:2      | Found a faded altar of an unknown god.
  1263 | D:2      | Found a glowing golden altar of the Shining One.
  1264 | D:2      | Found a deep blue altar of Sif Muna.
  1316 | D:2      | Slain by a gnoll

Skill      XL: |  1  2  3 |
---------------+----------+-----
Armour         | 4 |  4.5
Shields        | 4 |  4.2
Fighting       | 4 |  4.0
Long Blades    | 3 |  3.2

Action                   || total
-------------------------++-------
Melee: Long sword        ||    74
       Headbutt          ||    13
  Use: Scroll            ||     5
  Eat: Chunk             ||     1
Armor: Scale mail        ||    35
Dodge: Dodged            ||    25
Block: Shield            ||    46
       Rpst.: Long sword ||     6
